Map: Pillars of Gold LE

Players

Reynor - Winner!

  • Race: Zerg Zerg
  • Spawn Location: 7:00

TLHarstem (Harstem)

  • Race: Protoss Protoss
  • League: Master
  • Spawn Location: 1:00

Event: StayAtHomestory Cup #2

VOD

Have the link to the VOD?

Description

Time

  • Played on: June 11, 2020, 2:16 p.m.
  • Length: 12:56

All games in this series

Show
View Real Time Build Order
Export as new Build Order

Reynor Zerg - Winner!

Build Orders: Hatch First 

Get SALT Encoding   

  12  0:00  Drone  
  13  0:13  Overlord  
  13  0:19  Drone  
  14  0:31  Drone x2  
  16  0:50  Hatchery  
  16  0:54  Drone  
  16  0:57  Drone  
  16  1:01  Drone  
  18  1:11  Extractor  
  17  1:17  Spawning Pool  
  16  1:20  Drone  
  16  1:23  Drone  
  18  1:29  Drone  
  19  1:39  Drone  
  20  1:50  Overlord  
  20  2:04  Queen x2, Zergling x4  
  26  2:11  Drone  
  26  2:13  Drone  
  28  2:16  Metabolic Boost  
  28  2:22  Drone  
  29  2:23  Drone  
  30  2:33  Drone  
  30  2:34  Drone  
  32  2:45  Hatchery  
  32  2:47  Drone  
  32  2:54  Overlord  
  32  2:55  Drone  
  32  2:57  Drone  
  34  3:03  Queen  
  36  3:11  Evolution Chamber, Drone  
  36  3:14  Drone x2  
  36  3:17  Drone  
  36  3:18  Drone  
  40  3:20  Drone  
  40  3:25  Overlord  
  41  3:28  Spore Crawler  
  41  3:29  Drone  
  41  3:31  Drone  
  42  3:38  Zerg Melee Weapons Level 1  
  42  3:39  Drone  
  43  3:46  Queen  
  45  3:50  Zergling x4  
  45  3:51  Drone x3  
  50  3:57  Spore Crawler  
  50  3:58  Drone  
  50  4:00  Zergling x2  
  51  4:06  Zergling x4  
  51  4:08  Overlord  
  53  4:12  Drone x2  
  53  4:13  Queen, Drone  
  57  4:20  Overlord  
  57  4:29  Overlord  
  57  4:34  Queen, Spore Crawler  
  57  4:35  Drone  
  57  4:36  Drone x4  
  57  4:37  Drone  
  64  4:46  Zergling x4  
  64  4:48  Zergling x8  
  64  4:52  Lair  
  70  4:53  Drone  
  70  4:54  Zergling x2  
  70  4:55  Zergling x2  
  70  4:56  Drone  
  74  5:00  Drone, Overlord  
  74  5:02  Drone  
  74  5:06  Drone x2  
  78  5:08  Drone  
  78  5:09  Drone  
  78  5:11  Drone  
  80  5:14  Drone, Spore Crawler  
  80  5:17  Extractor  
  80  5:19  Extractor  
  80  5:20  Overlord  
  80  5:21  Drone x3  
  80  5:22  Drone  
  80  5:25  Drone x3  
  84  5:30  Overlord  
  84  5:31  Drone x3  
  84  5:32  Drone  
  84  5:35  Drone  
  85  5:37  Drone  
  85  5:42  Extractor  
  80  5:43  Drone  
  80  5:46  Drone  
  80  5:47  Extractor  
  80  5:48  Extractor  
  79  5:50  Drone  
  79  5:56  Drone  
  81  5:58  Drone x2, Spire  
  81  5:59  Roach Warren  
  81  6:03  Drone x2  
  83  6:05  Zergling x10  
  83  6:06  Zergling x2  
  89  6:12  Zergling x2  
  89  6:13  Hatchery, Overseer  
  89  6:15  Zergling x4  
  92  6:18  Zergling x2  
  92  6:19  Zerg Melee Weapons Level 2  
  92  6:28  Drone x2  
  92  6:30  Zergling x4  
  92  6:31  Zergling x8  
  98  6:38  Overlord  
  89  7:01  Zergling x12  
  89  7:02  Zergling x12  
  89  7:03  Overlord  
  100  7:10  Mutalisk x5  
  107  7:15  Drone  
  107  7:17  Mutalisk  
  107  7:21  Mutalisk  
  110  7:23  Extractor, Mutalisk  
  110  7:25  Zerg Flyer Weapons Level 1  
  110  7:26  Mutalisk x2  
  115  7:30  Drone x3  
  115  7:31  Extractor  
  115  7:32  Mutalisk  
  119  7:37  Overlord x2  
  119  7:42  Overlord  
  119  7:43  Mutalisk  
  118  7:45  Hatchery  
  118  7:47  Zergling x14  
  119  7:53  Overlord  
  119  7:57  Mutalisk x3  
  120  8:12  Mutalisk x2  
  118  8:17  Drone x6  
  120  8:27  Mutalisk x3  
  122  8:34  Zergling x12  
  122  8:37  Mutalisk  
  122  8:40  Mutalisk  
  131  8:45  Mutalisk x2  
  132  8:49  Drone  
  132  8:50  Drone  
  132  8:54  Mutalisk  
  136  9:00  Zergling x10  
  141  9:12  Mutalisk x4  
  141  9:16  Queen  
  148  9:20  Hatchery  
  148  9:21  Zergling x2  
  148  9:22  Zergling x12  
  150  9:24  Zerg Flyer Weapons Level 2  
  150  9:27  Zergling x2  
  150  9:28  Zergling x2  
  150  9:29  Extractor  
  150  9:30  Mutalisk  
  152  9:33  Extractor  
  152  9:35  Mutalisk x2  
  144  9:41  Mutalisk  
  144  9:43  Zergling x12  
  146  9:51  Mutalisk x2  
  150  9:56  Zergling x10  
  155  10:02  Overlord  
  155  10:03  Mutalisk  
  155  10:04  Mutalisk  
  155  10:06  Overlord  
  158  10:12  Glial Reconstitution  
  154  10:14  Baneling Nest  
  154  10:15  Overlord  
  153  10:22  Roach x6  
  153  10:26  Roach x3  
  153  10:27  Roach  
  171  10:29  Drone x3  
  171  10:33  Zergling x6  
  173  10:45  Roach, Zergling x22  
  184  10:56  Zergling x2  
  184  10:57  Zergling x8  
  187  10:59  Centrifical Hooks  
  187  11:01  Zergling x2  
  187  11:03  Overlord x2  
  179  11:12  Ravager x4  
  179  11:13  Baneling x8  
  179  11:18  Drone x4  
  187  11:23  Baneling x5  
  187  11:24  Baneling  
  187  11:27  Ravager x2  
  187  11:28  Zergling x20  
  187  11:29  Baneling x5  
  199  11:39  Baneling x9  
  199  11:46  Infestation Pit  
  198  11:52  Zergling x2  
  199  12:00  Zergling x28  
  200  12:06  Drone  
  199  12:09  Drone  
  199  12:13  Baneling x5  
  199  12:20  Baneling x6  
  199  12:21  Baneling  
  193  12:32  Zergling x18  
Show
View Real Time Build Order
Export as new Build Order

TLHarstem Protoss 

Build Orders: 1 Gate Expand, Oracle Opening, Zealot Archon 

Get SALT Encoding   

  12  0:00  Probe  
  13  0:12  Probe  
  14  0:18  Pylon  
  14  0:24  Probe  
  15  0:36  Probe  
  15  0:37  Gateway  
  16  0:44  Probe  
  17  0:50  Assimilator  
  17  0:54  Probe  
  18  1:06  Probe  
  19  1:18  Probe  
  20  1:26  Nexus  
  20  1:37  Cybernetics Core  
  20  1:40  Probe  
  21  1:47  Assimilator  
  21  1:52  Probe  
  22  1:57  Pylon  
  22  2:04  Probe  
  22  2:05  Adept  
  25  2:16  Probe  
  25  2:20  Stargate  
  26  2:29  Probe  
  27  2:30  Warp Gate  
  27  2:35  Adept  
  27  2:36  Probe  
  29  2:41  Probe  
  31  2:44  Probe  
  32  2:53  Probe, Oracle  
  32  2:54  Probe  
  34  3:05  Probe  
  38  3:06  Probe  
  38  3:08  Pylon  
  39  3:14  Stalker  
  39  3:17  Probe  
  39  3:19  Probe  
  43  3:28  Oracle, Gateway  
  43  3:29  Probe  
  43  3:31  Probe  
  48  3:41  Probe  
  48  3:43  Pylon  
  49  3:49  Probe  
  49  3:55  Probe  
  51  4:02  Probe  
  51  4:07  Probe  
  52  4:14  Probe  
  53  4:19  Nexus  
  53  4:20  Probe  
  53  4:22  Adept x2, Probe, Pylon  
  58  4:28  Assimilator  
  59  4:32  Probe x2  
  59  4:33  Assimilator  
  61  4:42  Forge  
  61  4:43  Twilight Council  
  61  4:44  Probe x2  
  63  4:51  Pylon  
  63  4:56  Probe x2  
  63  4:58  Sentry, Shield Battery, Zealot  
  69  5:06  Probe x2  
  69  5:13  Robotics Facility  
  69  5:14  Probe, Protoss Ground Weapons Level 1  
  70  5:19  Probe  
  71  5:22  Probe  
  71  5:25  Charge  
  71  5:27  Sentry, Zealot  
  77  5:35  Probe  
  74  5:36  Probe x2  
  74  5:40  Gateway  
  74  5:42  Gateway  
  70  5:44  Probe, Templar Archives  
  70  5:47  Probe  
  70  5:49  Probe  
  74  5:58  Assimilator  
  74  5:59  Probe  
  74  6:00  Probe  
  74  6:01  Probe, Warp Prism  
  74  6:03  Assimilator  
  78  6:08  Pylon  
  79  6:11  Probe  
  79  6:12  Probe  
  79  6:13  Probe  
  79  6:16  Gateway x2  
  81  6:23  Probe  
  81  6:24  Probe  
  83  6:27  Phoenix  
  83  6:29  Probe  
  83  6:30  High Templar x2  
  88  6:34  Archon, Gateway  
  88  6:35  Gateway  
  89  6:40  Photon Cannon  
  89  6:42  Probe  
  90  6:48  Zealot  
  90  6:52  Zealot  
  90  6:54  Probe  
  80  7:02  Gateway  
  80  7:07  Gateway  
  80  7:08  Zealot x3  
  80  7:09  Pylon  
  80  7:12  High Templar x2  
  80  7:13  Pylon  
  80  7:14  Probe  
  87  7:16  Archon  
  87  7:18  Zealot  
  89  7:26  Probe  
  89  7:28  Probe, High Templar  
  89  7:29  High Templar x3  
  99  7:32  Pylon  
  99  7:33  Archon x2  
  99  7:34  Nexus  
  99  7:36  Zealot  
  101  7:40  Phoenix  
  101  7:45  Zealot x3  
  101  7:50  Shield Battery  
  105  7:51  Shield Battery  
  102  7:58  High Templar x2  
  102  8:03  Archon, Phoenix  
  104  8:05  Stalker  
  104  8:07  Probe x2  
  104  8:08  Probe  
  107  8:13  Stalker  
  107  8:19  Probe  
  106  8:28  Phoenix  
  107  8:39  High Templar x2  
  107  8:40  Zealot x2  
  112  8:41  Probe  
  112  8:42  Probe  
  112  8:43  Nexus  
  112  8:44  Protoss Air Weapons Level 1  
  112  8:45  Archon, Probe  
  112  8:47  Phoenix  
  111  8:52  Pylon  
  114  9:03  Probe  
  114  9:05  Pylon  
  114  9:06  Probe  
  114  9:08  Phoenix  
  114  9:09  Photon Cannon  
  116  9:10  Zealot  
  116  9:11  Pylon, Zealot x2  
  116  9:12  Probe  
  116  9:14  Probe  
  111  9:20  Probe  
  111  9:22  Probe  
  111  9:23  Probe  
  113  9:31  Probe  
  113  9:32  Probe  
  109  9:42  Phoenix  
  109  9:43  Probe  
  110  9:47  High Templar x4  
  110  9:49  Probe  
  110  9:52  Archon x2, Photon Cannon  
  115  9:56  Stargate  
  115  10:03  Phoenix, Zealot x2  
  119  10:11  Probe  
  122  10:22  Phoenix  
  122  10:23  Probe  
  122  10:28  High Templar x2, Zealot x2  
  124  10:34  Archon, Photon Cannon  
  130  10:36  Shield Battery  
  130  10:41  Photon Cannon  
  128  10:43  Probe  
  128  10:44  High Templar, Zealot  
  128  10:45  High Templar  
  128  10:46  Probe  
  128  10:47  Phoenix  
  128  10:48  Probe  
  128  10:49  Archon  
  138  10:54  Zealot x2  
  142  11:02  Zealot  
  144  11:04  Phoenix  
  140  11:11  Probe  
  140  11:12  Phoenix  
  140  11:13  High Templar x2, Assimilator  
  140  11:17  Archon  
  140  11:18  Probe x2  
  150  11:19  Assimilator  
  150  11:25  Zealot x2, Assimilator  
  154  11:29  Pylon  
  154  11:31  Phoenix  
  155  11:35  Probe  
  156  11:41  Phoenix  
  156  11:46  Photon Cannon  
  156  11:49  Photon Cannon  
  156  11:50  Pylon  
  156  11:54  Phoenix  
  156  12:00  High Templar x2, Zealot  
  156  12:01  Zealot x6  
  158  12:06  Phoenix  
  158  12:07  Archon  
  162  12:12  Zealot  
  158  12:19  Phoenix  
  160  12:28  Stalker x6  
  166  12:35  Stalker x2  
  149  12:38  High Templar x2  
  149  12:40  Probe  
  150  12:44  Archon  
  123  12:53  Zealot x3  
  123  12:54  Zealot x2  
Tags
 
Add a new tag
Caveats
  • Supply blocks, unpowered buildings, or Contaminate may cause inaccurate times.
  • Supply counts are checked every 10 seconds.